 Dungeon Crawl Stone Soup version 0.19.0 (webtiles) character file.

630 PrincessPwny the Carver (level 7, 0/52 HPs)
             Began as a Human Berserker on Nov 14, 2016.
             Was a Priest of Trog.
             Slain by an orc
             ... wielding a +0 short sword
              (5 damage)
             ... on level 4 of the Dungeon.
             The game lasted 00:08:07 (3709 turns).

PrincessPwny the Carver (Human Berserker)           Turns: 3709, Time: 00:08:07

Health: 0/52       AC:  6    Str: 19    XL:     7   Next: 77%
Magic:  7/7        EV: 11    Int:  8    God:    Trog [***...]
Gold:   65         SH:  0    Dex: 12    Spells: 0 memorised, 6 levels left

rFire  . . .     SeeInvis .     a - +1 falchion
rCold  . . .     Gourm    .     p - +0 ring mail
rNeg   . . .     Faith    .     (no shield)
rPois  .         Spirit   .     f - +0 helmet
rElec  .         Reflect  .     (no cloak)
rCorr  .         Harm     .     (no gloves)
MR     .....                    (no boots)
Stlth  +.........               (no amulet)
                                (no ring)
                                (no ring)

@: exhausted, slowed, very slow
A: no striking features
a: Berserk, Trog's Hand, Burn Spellbooks, Renounce Religion


You were on level 4 of the Dungeon.
You worshipped Trog.
Trog was most pleased with you.
You were very hungry.

You visited 1 branch of the dungeon, and saw 4 of its levels.

You collected 65 gold pieces.

Inventory:

Hand Weapons
 a - a +1 falchion (weapon)
Armour
 b - a +0 animal skin
 e - a +0 leather armour
 f - a +0 helmet (worn)
 p - a +0 ring mail (worn)
Scrolls
 k - 2 scrolls of identify {@r1}
 l - 2 scrolls of remove curse {@r2}
Potions
 g - 2 potions of curing {@q1}
 h - a potion of ambrosia
 i - a potion of agility
 j - 2 potions of heal wounds {unknown}
 m - a potion of lignification
 n - a potion of degeneration
 r - 2 potions of mutation
 s - a potion of cancellation {unknown}
 t - 2 potions of might {unknown}
Comestibles
 c - 4 bread rations
 d - 2 chunks of flesh
 o - 2 beef jerkies


   Skills:
 - Level 3.0 Fighting
 * Level 8.5 Long Blades
 - Level 2.0 Armour
 - Level 2.0 Dodging


You had 6 spell levels left.
You didn't know any spells.

Dungeon Overview and Level Annotations

Branches:
Dungeon (4/15)
 Temple: D:4-7

Altars:
Qazlal
Yredelemnul


Message History

The orc closely misses you.
You riposte.
You closely miss the orc. The orc hits you with a mace.
The orc hits you with a hand axe. The orc closely misses you.
A giant cockroach comes into view.
You barely miss the orc. The orc completely misses you.
The orc hits you but does no damage. The orc closely misses you.
You riposte.
You hit the orc.
The orc is severely wounded.
The orc barely misses you.
You riposte.
You hit the orc.
The orc is lightly wounded.
The orc hits you but does no damage. The orc hits you with a short sword.
* * * LOW HITPOINT WARNING * * *
You hit the orc.
The orc is moderately wounded.
The orc hits you with a hand axe.
* * * LOW HITPOINT WARNING * * *
The orc hits you but does no damage. The orc hits you with a hand axe.
* * * LOW HITPOINT WARNING * * *
The orc closely misses you. The orc hits you with a short sword.
You die...

####### #.....#
#.....# #.....#
###########
#.....######.(...<....
#...........(..o......
#.....######.o@o......
#.....# #.†oo......
#.....# #..........
#.....# #..........
###.##### .......s...
.##.# ....######.#
.##.# ?<...# #
.##.######......
...>.........


You could see 5 orcs and a giant cockroach.

Vanquished Creatures
  Sigmund (D:2)
  2 ogres (D:4)
  A water moccasin skeleton (D:4)
  A howler monkey (D:4)
  A hound (D:4)
  A worker ant (D:2)
  5 adders
  An ooze (D:3)
  4 worms
  4 dart slugs
  A leopard gecko (D:1)
  10 orcs
  A giant cockroach (D:1)
  13 goblins
  10 hobgoblins
  6 jackals
  12 kobolds
  2 quokkas (D:2)
  3 ball pythons
  9 bats
  4 frilled lizards
  16 rats
108 creatures vanquished.

Notes
Turn   | Place    | Note
-------+----------+-------------------------------------------
     0 | D:1      | PrincessPwny the Human Berserker began the quest for the Orb.
     0 | D:1      | Reached XP level 1. HP: 18/18 MP: 1/1
   200 | D:1      | Reached XP level 2. HP: 22/24 MP: 2/2
   578 | D:1      | Reached skill level 4 in Long Blades
   578 | D:1      | Reached XP level 3. HP: 25/29 MP: 3/3
   877 | D:1      | Reached ** piety under Trog
  1326 | D:1      | Found a basalt altar of Yredelemnul.
  1412 | D:2      | Found a stormy altar of Qazlal.
  1442 | D:2      | Noticed Sigmund
  1451 | D:2      | Killed Sigmund
  1451 | D:2      | Reached skill level 6 in Long Blades
  1451 | D:2      | Reached XP level 4. HP: 20/35 MP: 4/4
  1451 | D:2      | Reached XP level 5. HP: 23/41 MP: 5/5
  1451 | D:2      | Reached XP level 6. HP: 27/47 MP: 6/6
  2933 | D:3      | Reached *** piety under Trog
  3088 | D:3      | Reached skill level 7 in Long Blades
  3510 | D:4      | Noticed an ogre
  3522 | D:4      | Reached XP level 7. HP: 52/52 MP: 7/7
  3684 | D:4      | Reached skill level 8 in Long Blades
  3709 | D:4      | Slain by an orc

Skill      XL: |  1  2  3  4  5  6  7 |
---------------+----------------------+-----
Long Blades    | 4 6 7 8 |  8.5
Fighting       | |  3.0
Armour         | |  2.0
Dodging        | |  2.0

Action                   |  1- 3 |  4- 6 |  7- 9 || total
-------------------------+-------+-------+-------++-------
Melee: Falchion          |    98 |   187 |    40 ||   325
Invok: Berserk           |     4 |     5 |     1 ||    10
  Use: Scroll            |     2 |    11 |       ||    13
       Potion            |       |     1 |       ||     1
  Eat: Chunk             |     4 |     7 |     1 ||    12
       Meat ration       |       |     1 |       ||     1
Armor: Animal skin       |    25 |     2 |       ||    27
       Ring mail         |       |    56 |    14 ||    70
       Leather armour    |       |     5 |       ||     5
Dodge: Dodged            |    88 |   106 |    29 ||   223
       Rpst.: Falchion   |    34 |    23 |    12 ||    69
